 Dungeon Crawl Stone Soup version 0.24-a0-613-g1ff6aac338 (webtiles) character file.

Game seed: 10440176099514139445, levelgen mode: deterministic

358 Jorund the Bolt Thrower (level 6, -8/43 HPs)
             Began as a Formicid Arcane Marksman on Sept 11, 2019.
             Killed by nerve-wracking pain
             ... invoked by Grinder
              (14 damage)
             ... on level 4 of the Dungeon.
             The game lasted 00:12:08 (4543 turns).

Jorund the Bolt Thrower (Formicid Arcane Marksman)  Turns: 4543, Time: 00:12:09

Health: -8/43      AC:  0    Str: 15    XL:     6   Next: 97%
Magic:  7/7        EV: 19    Int: 14    God:
Gold:   154        SH:  0    Dex: 16    Spells: 4/7 levels left

rFire    . . .     SeeInvis .   (weapon currently unavailable)
rCold    . . .     Gourm    .   (shield currently unavailable)
rNeg     . . .     Faith    .   (armour currently unavailable)
rPois    .         Spirit   .   (helmet unavailable)
rElec    .         Reflect  .   (cloak currently unavailable)
rCorr    .         Harm     .   (gloves currently unavailable)
MR       .....                  (boots currently unavailable)
Stlth    +.........             (no amulet)
HPRegen  0.14/turn              (ring currently unavailable)
MPRegen  0.10/turn              (ring currently unavailable)

@: bat-form, flying, very quick
A: tiny, permanent stasis, dig shafts and tunnels, four strong arms
a: no special abilities


You were on level 4 of the Dungeon.
You were not hungry.
You were in bat-form.
You visited 1 branch of the dungeon, and saw 4 of its levels.

You collected 154 gold pieces.

Inventory:

Hand Weapons
 a - a +0 hand crossbow (melded)
 c - a +2 short sword of electrocution
 l - a +0 whip of venom
 m - a +1 mace of distortion
 r - a +0 war axe
Missiles
 d - a bolt
 h - 18 poisoned darts (quivered)
Armour
 e - a +1 robe (melded)
 t - a scarf of spirit shield (melded)
Jewellery
 g - an uncursed ring of fire
 j - a ring of protection from fire (melded)
Scrolls
 b - a scroll of remove curse
 n - 2 scrolls of identify
 q - a scroll of immolation
Potions
 s - a potion of haste
Comestibles
 f - 3 rations


   Skills:
 - Level 1.1 Fighting
 * Level 2.2(2.3) Axes
 - Level 0.2(1.3) Maces & Flails
 + Level 5.8 Crossbows
 - Level 1.7 Dodging
 + Level 1.2 Spellcasting
 + Level 4.6 Hexes


You had 4 spell levels left.
You knew the following spells:

 Your Spells              Type           Power        Failure   Level  Hunger
a - Corona                Hex            ##.....      4%          1    ##.....
b - Slow                  Hex            ##......     6%          2    ###....

Your spell library contained the following spells:

 Spells                   Type           Power        Failure   Level  Hunger
 Inner Flame              Hex/Fire       #.......     30%         3    ####...
 Portal Projectile        Hex/Tloc       #.....       30%         3    ####...
 Cause Fear               Hex            ##........   36%         4    #####..
 Leda's Liquefaction      Hex/Erth       #.........   69%         4    #####..


Dungeon Overview and Level Annotations

Branches:
Dungeon (4/15)             Temple (0/1) D:4

Altars:
Xom

Annotations:
D:4 Grinder, Natasha


Innate Abilities, Weirdness & Mutations

You cannot be hasted, slowed, berserked, paralysed or teleported.
You can dig through walls and to a lower floor.
Your four strong arms can wield two-handed weapons with a shield.
((You have a pair of large antennae on your head. (SInv)))


Message History

Grinder is almost dead.
Grinder gestures at you. You resist with some effort.
You hit Grinder but do no damage.
Grinder is almost dead.
Grinder hits you!
* * * LOW HITPOINT WARNING * * *
You writhe in agony.
* * * LOW HITPOINT WARNING * * *
Unknown command.
Okay, then.
You barely miss Grinder.
Grinder is almost dead.
Grinder barely misses you.
Unknown command.
You hit Grinder but do no damage.
Grinder is almost dead.
Grinder gestures at you. Pain shoots through your body!
You die...

,,,,,...,.>..##...........#
*,,
*,***#.,........##.....####
*,,
,,,,,,,*###..##.######..#**
**,
,*,******,..#*#..##***#...****
*, ,,,* *,***
#...,,,,,...,,,***, ,***
**#*,** #..#***,,,,#**,,*** ,*
*,....#####.#####...# **,,,,
** ****#....<(.........# *****
* #######b#####...# *
************#....5(..#,,,#
,,,,,,,,,...........(#,,,*
*********####.......(#****
#.......(# ##########


You could see Grinder.

Vanquished Creatures
  A centaur skeleton (D:4)
  2 hounds
  An orc wizard (D:3)
  Natasha (D:4)
  2 worker ants (D:4)
  Robin (D:2)
  An adder (D:3)
  4 gnolls (D:3)
  An adder skeleton (D:4)
  2 worms
  A dart slug (D:1)
  16 orcs
  5 bats
  5 giant cockroaches
  14 goblins
  10 hobgoblins
  3 jackals (D:3)
  2 ball pythons
  4 frilled lizards
  7 kobolds
  8 rats
91 creatures vanquished.

Notes
Turn   | Place    | Note
-------+----------+-------------------------------------------
     0 | D:1      | Jorund the Formicid Arcane Marksman began the quest for the
                  | Orb.
     0 | D:1      | Reached XP level 1. HP: 15/15 MP: 2/2
   427 | D:1      | Reached XP level 2. HP: 21/21 MP: 3/3
  1006 | D:1      | Learned a level 2 spell: Slow
  1093 | D:2      | Reached XP level 3. HP: 26/26 MP: 4/4
  1352 | D:2      | Noticed Robin
  1360 | D:2      | Killed Robin
  1360 | D:2      | Reached skill level 3 in Crossbows
  1363 | D:2      | Reached XP level 4. HP: 22/32 MP: 5/5
  1907 | D:3      | Reached skill level 4 in Crossbows
  2041 | D:3      | Reached XP level 5. HP: 21/37 MP: 6/6
  2632 | D:3      | Reached skill level 1 in Axes
  3436 | D:3      | Found a shimmering altar of Xom.
  3462 | D:3      | Reached XP level 6. HP: 43/43 MP: 7/7
  3518 | D:4      | Noticed Natasha
  3518 | D:4      | Noticed an ogre
  3565 | D:4      | Reached skill level 5 in Crossbows
  3749 | D:4      | Killed Natasha
  3752 | D:4      | Noticed Natasha
  4117 | D:4      | Found a staircase to the Ecumenical Temple.
  4146 | D:4      | Noticed an ogre
  4259 | D:4      | Noticed Grinder
  4543 | D:4      | Killed from afar by Grinder

Levels and vault maps discovered:
D:1:      nzn_arrival_settlement, layout_basic, minmay_tripent
D:2:      layout_basic, uniq_robin
D:3:      layout_loops_ring, first_ration, lemuel_tele_altar
D:4:      layout_rooms, gammafunk_temple_overflow_pools, lightli_temple_of_fire,
          temple_doors_ab, uniq_natasha, uniq_grinder, uniq_blork_the_orc

Skill      XL: |  1  2  3  4  5  6 |
---------------+-------------------+-----
Hexes          | 4 |  4.6
Crossbows      | 3 4 5 |  5.8
Axes           | 1 2 |  2.2
Fighting       | |  1.1
Maces & Flails | |  0.2
Dodging        | |  1.7
Spellcasting   | |  1.2

Action                   |  1- 3 |  4- 6 || total
-------------------------+-------+-------++-------
Melee: Whip              |       |    68 ||    68
       Short sword       |       |    10 ||    10
       War axe           |       |     9 ||     9
       Unarmed           |       |    13 ||    13
 Fire: Hand crossbow     |    78 |   145 ||   223
 Cast: Slow              |       |     1 ||     1
  Use: Scroll            |     3 |     5 ||     8
       Potion            |       |     3 ||     3
  Eat: Chunk             |     1 |     5 ||     6
       Ration            |       |     2 ||     2
Armor: Robe              |     5 |    34 ||    39
       Skin              |       |     7 ||     7
Dodge: Dodged            |    20 |   109 ||   129

Table legend:
 A = Non-vault XP
 B = Vault XP
 C = Vault XP percentage of total XP
 D = Non-vault monster count
 E = Vault monster count
 F = Vault count percentage of total count
                 A         B        C        D         E       F
            +---------+---------+-------+---------+---------+-------
      Total |     438 |      74 |  14.5 |      77 |      14 |  15.4
            +---------+---------+-------+---------+---------+-------
        D:1 |      18 |       4 |  18.2 |      10 |       2 |  16.7
        D:2 |      37 |      35 |  48.6 |      22 |      11 |  33.3
        D:3 |     219 |       0 |   0.0 |      36 |       0 |   0.0
        D:4 |     164 |      35 |  17.6 |       9 |       1 |  10.0
            +---------+---------+-------+---------+---------+-------
